 Dungeon Crawl Stone Soup version 0.19.1-1-g22dce08 (webtiles) character file.

11 Peloso the Slasher (level 2, -2/24 HPs)
             Began as a Ghoul Gladiator on Dec 31, 2016.
             Slain by a kobold (4 damage)
             ... on level 1 of the Dungeon.
             The game lasted 00:00:43 (273 turns).

Peloso the Slasher (Ghoul Gladiator)                 Turns: 273, Time: 00:00:44

Health: -2/24      AC:  4    Str: 18    XL:     2   Next: 25%
Magic:  1/1        EV: 12    Int:  3    God:
Gold:   39         SH:  0    Dex:  9    Spells: 0 memorised, 1 level left

rFire  . . .     SeeInvis .     a - +0 long sword
rCold  + . .     Gourm    .     b - +0 leather armour
rNeg   + + +     Faith    .     (no shield)
rPois  ∞         Spirit   .     c - +0 helmet
rElec  .         Reflect  .     (no cloak)
rCorr  .         Harm     .     (no gloves)
MR     .....                    (no boots)
Stlth  +.........               (no amulet)
                                (no ring)
                                (no ring)

@: rotting
A: rotting body, claws 1, carnivore 3, cold resistance 1, negative energy
resistance 3, slow regeneration 1, torment resistance, unbreathing
a: no special abilities


You were on level 1 of the Dungeon.
You were not hungry.

You visited 1 branch of the dungeon, and saw 1 of its levels.

You collected 39 gold pieces.

Inventory:

Hand Weapons
 a - a +0 long sword (weapon)
Missiles
 d - 3 throwing nets (quivered)
Armour
 b - a +0 leather armour (worn)
 c - a +0 helmet (worn)
Scrolls
 e - a scroll of magic mapping {unknown}
Potions
 h - a potion of flight {unknown}
 i - a potion of agility {unknown}
Comestibles
 f - a meat ration
 g - 3 chunks of flesh


   Skills:
 + Level 2.2 Fighting
 + Level 3.0 Long Blades
 + Level 1.7 Throwing
 + Level 0.3 Armour
 + Level 2.8 Dodging


You had one spell level left.
You didn't know any spells.

Dungeon Overview and Level Annotations

Branches:
Dungeon (1/15)

Altars:


Innate Abilities, Weirdness & Mutations

Your body is rotting away.
You thrive on raw meat.
You are immune to poison.
You have sharp fingernails.
You are carnivorous and can eat meat at any time.
Your flesh is cold resistant. (rC+)
You are immune to negative energy. (rN+++)
You regenerate slowly when monsters are visible.
You are immune to unholy pain and torment.
You can survive without breathing.


Message History

You hit the frilled lizard.
You kill the frilled lizard!
The kobold hits you. x2
A kobold comes into view. It is wielding a short sword.
A frilled lizard comes into view.
The frilled lizard hisses angrily.
The kobold shouts!
The kobold hits you. The kobold barely misses you.
You barely miss the kobold. The kobold closely misses you.
The hobgoblin hits you with a club.
You closely miss the kobold. The kobold hits you but does no damage.
The hobgoblin hits you with a club.
You barely miss the kobold. The kobold hits you but does no damage.
The kobold closely misses you. The hobgoblin hits you with a club.
* * * LOW HITPOINT WARNING * * *
The frilled lizard bites you but does no damage.
The kobold hits you.
* * * LOW HITPOINT WARNING * * *
The kobold hits you.
You die...

.......####.........
..........................
..............##.#........
.................#........
.#.............###.#......
...............#...#......
...............'.###...#..
.......gK......#.# ##.....
#....K.@.....#######....
#....l.......##....##...
#..........####.≈≈.###..
#...........##.'.≈≈.'.'..
#.....>.....##<'.≈≈§§.'.#
#...........####.≈≈.#####
#...........# #....##...
#.........### #######.##
#...


You could see a hobgoblin, 2 kobolds and a frilled lizard.

Vanquished Creatures
  2 bats (D:1)
  3 goblins (D:1)
  2 frilled lizards (D:1)
  A kobold (D:1)
  3 rats (D:1)
11 creatures vanquished.

Notes
Turn   | Place    | Note
-------+----------+-------------------------------------------
     0 | D:1      | Peloso the Ghoul Gladiator began the quest for the Orb.
     0 | D:1      | Reached XP level 1. HP: 17/17 MP: 0/0
   217 | D:1      | Reached skill level 3 in Long Blades
   217 | D:1      | Reached XP level 2. HP: 13/24 MP: 1/1
   273 | D:1      | Slain by a kobold

Skill      XL: |  1 |
---------------+----+-----
Long Blades    | 3 |  3.0
Fighting       | |  2.2
Throwing       | |  1.7
Armour         | |  0.3
Dodging        | |  2.8

Action                   || total
-------------------------++-------
Melee: Long sword        ||    40
  Eat: Chunk             ||     4
Armor: Leather armour    ||    13
Dodge: Dodged            ||    27
       Rpst.: Long sword ||     5
